 Dungeon Crawl Stone Soup version 0.29-a0-330-g52719c12eb (webtiles) character file.

Game seed: 12001427795700546745

47 Crownlay the Digger (level 3, -1/21 HPs)
             Began as an Octopode Earth Elementalist on May 8, 2022.
             Slain by a hobgoblin (2 damage)
             ... on level 3 of the Dungeon.
             The game lasted 00:02:35 (1255 turns).

Crownlay the Digger (Octopode Earth Elementalist)   Turns: 1255, Time: 00:02:36

Health: -1/21      AC:  1    Str:  7    XL:     3   Next: 70%
Magic:  5/16       EV: 13    Int: 19    God:
Gold:   136        SH:  0    Dex: 18    Spells: 4/8 levels left

rFire   . . .      SeeInvis .   f - +0 dagger (venom)
rCold   . . .      Faith    .   (no shield)
rNeg    . . .      Spirit   .   (helmet restricted)
rPois   .          Reflect  .   (no amulet)
rElec   .          Harm     .   e - ring of magical power
rCorr   .          Rampage  .   h - +6 ring of dexterity
Will    .....                   (no ring)
Stlth   +++.......              (no ring)
HPRegen 0.07/turn               (no ring)
MPRegen 0.15/turn               (no ring)
                                (no ring)
                                (no ring)

@: lethally poisoned (-1 -> -3)
A: almost no armour, amphibious, 8 rings, camouflage 1, gelatinous body 1,
(nimble swimmer 1), tentacles
a: no special abilities


You were on level 3 of the Dungeon.
You visited 1 branch of the dungeon, and saw 3 of its levels.

You collected 136 gold pieces.

Inventory:

Hand Weapons
 f - a +0 dagger of venom (weapon)
Missiles
 a - 29 stones
Jewellery
 e - a ring of magical power (left tentacle)
 h - a +6 ring of dexterity (right tentacle)
Wands
 s - a wand of iceblast (10)
Scrolls
 g - a scroll of fog
 j - a scroll of vulnerability
 k - a scroll of teleportation {unknown}
 l - a scroll of fear {unknown}
 m - 2 scrolls of brand weapon
 n - a scroll of blinking {unknown}
 o - a scroll of amnesia {unknown}
 p - a scroll of noise {unknown}
 t - a scroll of identify
Potions
 b - a potion of magic
 c - a potion of haste {unknown}
 d - 2 potions of degeneration {unknown}
 i - 3 potions of heal wounds {unknown}
 q - 2 potions of mutation {unknown}
 r - a potion of lignification {unknown}


   Skills:
 - Level 2.0 Dodging
 - Level 2.6 Stealth
 * Level 3.0 Spellcasting
 + Level 1.3 Conjurations
 - Level 1.0 Transmutations
 + Level 3.4 Earth Magic


You had 4 spell levels left.
You knew the following spells:

 Your Spells              Type           Power      Damage    Failure   Level
a - Sandblast             Erth           30%        2d9       3%          1
b - Stone Arrow           Conj/Erth      22%        3d8       17%         3

Your spell library contained the following spells:

 Spells                   Type           Power      Damage    Failure   Level
 Passwall                 Tmut/Erth      9%         N/A       10%         2
 Petrify                  Tmut/Erth      11%        N/A       52%         4


Dungeon Overview and Level Annotations

Branches:
Dungeon (3/15)

Altars:


Innate Abilities, Weirdness & Mutations

You cannot wear most types of armour.
You are amphibious.
You can wear up to eight rings at the same time.
Your skin changes colour to match your surroundings (Stealth+).
Your rubbery body absorbs attacks. (AC +1, EV +1)
((You are camouflaged when in or above water. (Stealth+)))
You have tentacles for arms and can constrict up to eight enemies at once.


Message History

The blast of sand hits the orc.
The orc is almost dead.
You feel sick. The orc barely misses you.
The blast of sand hits the orc.
You kill the orc!
You feel sick. The orc priest misses you.
Your Spellcasting skill increases to level 3!
You are too injured to fight recklessly!
You are too injured to fight recklessly!
Casting: Sandblast (safe; 3% risk of failure)
Confirm with . or Enter, or press ? or * to list all spells.
Aiming: Sandblast (safe; 3% risk of failure)
Press: ? - help, Shift-Dir - straight line, f - orc priest
Aim: an orc priest, wielding a +0 club (79% to hit)
The blast of sand hits the orc priest.
The orc priest is heavily wounded.
You feel sick. The hobgoblin hits you.
* * * LOW HITPOINT WARNING * * *
The orc priest hits you with a +0 club.
* * * LOW HITPOINT WARNING * * *
Casting: Sandblast (safe; 3% risk of failure)
Confirm with . or Enter, or press ? or * to list all spells.
Aiming: Sandblast (safe; 3% risk of failure)
Press: ? - help, Shift-Dir - straight line, f/p - orc priest
Aim: an orc priest, wielding a +0 club (heavily wounded, 79% to hit)
The blast of sand hits the orc priest!
The orc priest is almost dead.
* * * LOW HITPOINT WARNING * * *
You feel sick. The hobgoblin closely misses you.
The orc priest looks satisfied for a moment.
Casting: Sandblast (safe; 3% risk of failure)
Confirm with . or Enter, or press ? or * to list all spells.
Aiming: Sandblast (safe; 3% risk of failure)
Press: ? - help, Shift-Dir - straight line, f/p - orc priest
Aim: an orc priest, wielding a +0 club (almost dead, 79% to hit)
The blast of sand hits the orc priest!
You kill the orc priest!
* * * LOW HITPOINT WARNING * * *
You feel sick. The hobgoblin hits you.
You die...

###+#.#####.#.#.####
#...................
+.........#.##..####
#....####.#.....##
#####......†.......#
#.......###.########
#.......'..)#
#...g)$.#......#
###.)@..........#
#.....)#####.......#
#...... #.......#
#...... #.........
#...... #..........
#...o.. #######....
+..oo.. #.g....


You could see a hobgoblin.

Vanquished Creatures
  An orc priest (D:3)
  A dart slug (D:1)
  4 orcs (D:3)
  3 bats
  7 endoplasms
  A giant cockroach (D:1)
  4 hobgoblins
  2 jackals (D:1)
  A quokka (D:1)
  2 ball pythons (D:1)
  2 frilled lizards (D:1)
  4 goblins
  4 kobolds
  A rat (D:1)
37 creatures vanquished.

Notes
Turn   | Place    | Note
-------+----------+-------------------------------------------
     0 | D:1      | Crownlay the Octopode Earth Elementalist began the quest
                  | for the Orb.
     0 | D:1      | Reached XP level 1. HP: 11/11 MP: 3/3
   115 | D:1      | Reached XP level 2. HP: 16/17 MP: 0/5
   281 | D:1      | Found a faded altar of an unknown god.
   321 | D:1      | Reached skill level 1 in Conjurations
   532 | D:1      | Reached XP level 3. HP: 21/21 MP: 6/6
   536 | D:1      | Learned a level 3 spell: Stone Arrow
  1255 | D:3      | HP: 1/21 [poisoned by an orc]
  1255 | D:3      | Slain by a hobgoblin

Illustrated notes

Levels and vault maps discovered:
D:1:      dpeg_arrival_line_fractal, layout_basic, basic_ecumenical_altar,
          hangedman_decor_growths
D:2:      layout_rooms
D:3:      layout_basic

Skill      XL: |  1  2  3 |
---------------+----------+-----
Conjurations   | 1 |  1.3
Spellcasting   | 3 |  3.0
Dodging        | |  2.0
Stealth        | |  2.6
Transmutations | |  1.0
Earth Magic    | |  3.4

Action                   || total
-------------------------++-------
Melee: Unarmed           ||    12
       Tentacles         ||    10
       Constrict         ||     7
       Dagger            ||    17
 Cast: Sandblast         ||    30
  Use: Scroll            ||     3
 Stab: Sleeping          ||     8
       Distracted        ||     1
Armor: Skin              ||     1
Dodge: Dodged            ||    18

Table legend: (Time is in decaauts)
 A = Elapsed time spent in this place.
 B = Non-inter-level travel time spent in this place.
 C = Inter-level travel time spent in this place.
 D = Time resting spent in this place.
 E = Time spent auto-exploring this place.
 F = Levels seen in this place.
 G = Mean time per level.
                   A        B        C        D        E       F      G
               +--------+--------+--------+--------+--------+-----+--------+
         Total |   1253 |   1221 |     32 |      0 |   1007 |   3 |  417.7 |
       Dungeon |   1253 |   1221 |     32 |      0 |   1007 |   3 |  417.7 |
               +--------+--------+--------+--------+--------+-----+--------+

Top non-repeatable levels by time:
     D:1: 723 daAuts
     D:2: 332 daAuts
     D:3: 196 daAuts
